 Dungeon Crawl Stone Soup version 0.22.1-2-g9c5b331383 (webtiles) character file.

606 Revguard the Shield-Bearer (level 7, -8/44 HPs)
             Began as a Gargoyle Fighter on Nov 26, 2018.
             Was a Priest of Lugonu.
             Killed by divine providence
             ... invoked by an orc priest
              (11 damage)
             ... on level 5 of the Dungeon.
             The game lasted 00:15:28 (4492 turns).

Revguard the Shield-Bearer (Gargoyle Fighter)       Turns: 4492, Time: 00:15:29

Health: -8/44      AC: 18    Str: 21    XL:     7   Next: 42%
Magic:  0/7        EV:  5    Int:  8    God:    Lugonu [***...]
Gold:   264        SH: 15    Dex: 10    Spells: 6/6 levels left

rFire    . . .     SeeInvis .   w - +2 hand axe (vamp)
rCold    . . .     Gourm    .   s - +0 large shield
rNeg     + . .     Faith    .   g - +0 plate armour
rPois    ∞         Spirit   +   (no helmet)
rElec    +         Reflect  .   (no cloak)
rCorr    .         Harm     .   (no gloves)
MR       .....                  F - +0 pair of boots
Stlth    ..........             p - amulet of guardian spirit
HPRegen  0.14/turn              m - +3 ring of evasion
MPRegen  0.10/turn              G - ring of flight

@: flying
A: negative energy resistance 1, electricity resistance, unbreathing,
petrification resistance, rot immunity, AC +4
a: Depart the Abyss, Bend Space, Banish, Renounce Religion


You were on level 5 of the Dungeon.
You worshipped Lugonu.
Lugonu was most pleased with you.
You were not hungry.

You visited 2 branches of the dungeon, and saw 6 of its levels.

You collected 264 gold pieces.

Inventory:

Hand Weapons
 a - a +0 flail
 v - a +3 club
 w - a +2 vampiric hand axe (weapon)
Armour
 b - a +0 scale mail
 c - a +0 shield
 g - a +0 plate armour (worn)
 h - the +0 robe "Ware Mad" {*Contam Regen+ rCorr Stlth+, unknown}
   (You found it on level 5 of the Dungeon)

   It causes magical contamination when unequipped.
   It increases your rate of regeneration.
   It provides partial protection from all sources of acid and corrosion.
   It makes you more stealthy.
 s - a +0 large shield (worn)
 F - a +0 pair of boots (worn)
Jewellery
 j - an uncursed ring of wizardry
 m - a +3 ring of evasion (left hand)
 p - an amulet of guardian spirit (around neck)
 G - a ring of flight (right hand)
Wands
 D - a wand of random effects (20)
Scrolls
 i - a scroll of teleportation
 l - 3 scrolls of remove curse
 o - a scroll of immolation {unknown}
 r - a scroll of fear {unknown}
 u - 4 scrolls of random uselessness {unknown}
 x - 2 scrolls of fog {unknown}
 y - a scroll of enchant armour {unknown}
 z - 2 scrolls of blinking {unknown}
 C - a scroll of enchant weapon {unknown}
Potions
 d - a potion of might
 e - 2 potions of degeneration
 k - a potion of lignification
 n - a potion of cancellation
 t - a potion of curing
 A - a potion of agility {unknown}
 B - a potion of ambrosia {unknown}
 E - a potion of magic {unknown}
Comestibles
 f - 7 rations


   Skills:
 + Level 4.4 Fighting
 * Level 4.0(4.4) Axes
 - Level 3.1(4.2) Maces & Flails
 + Level 4.4 Armour
 + Level 5.6 Shields


You had 6 spell levels left.
You didn't know any spells.
Your spell library contained the following spells:

 Spells                   Type           Power        Failure   Level  Hunger
 Animate Skeleton         Necr           N/A          100%        1    ##.....
 Magic Dart               Conj           #...         100%        1    ##.....
 Pain                     Necr           #...         100%        1    ##.....
 Sandblast                Erth           #.....       100%        1    ##.....
 Blink                    Tloc           N/A          100%        2    ###....
 Call Imp                 Summ           #.......     100%        2    ###....
 Passwall                 Tmut/Erth      #.......     100%        2    ###....
 Slow                     Hex            #.......     100%        2    ###....
 Conjure Flame            Conj/Fire      #.......     100%        3    ####...
 Mephitic Cloud           Conj/Pois/Air  #.......     100%        3    ####...
 Regeneration             Chrm/Necr      #.........   100%        3    ####...
 Stone Arrow              Conj/Erth      #.....       100%        3    ####...
 Vampiric Draining        Necr           #.........   100%        3    ####...
 Animate Dead             Necr           N/A          100%        4    #####..
 Petrify                  Tmut/Erth      #.......     100%        4    #####..
 Lee's Rapid Deconstruct  Erth           #.........   100%        5    ######.


Dungeon Overview and Level Annotations

Branches:
Dungeon (5/15)             Temple (1/1) D:4

Altars:
Ashenzari
Dithmenos
Elyvilon
Fedhas
Gozag
Hepliaklqana
Kikubaaqudgha
Makhleb
Nemelex Xobeh
Okawaru
Qazlal
Ru
Sif Muna
Uskayaw
Vehumet
Wu Jian
Xom
Yredelemnul
Zin
The Shining One
Lugonu


Innate Abilities, Weirdness & Mutations

You are resistant to torment.
Your stone body is resilient. (AC +4)
You are immune to poison.
You resist negative energy. (rN+)
You are resistant to electric shocks. (rElec)
You can survive without breathing.
You are immune to petrification.
You are immune to rotting.


Message History

The orc wizard casts a spell.
The orc wizard blinks!
It was a potion of flight.
You feel very buoyant.
You fly up into the air.
You feel less confused. Something hits you but does no damage.
It was a potion of curing.
You feel better. Something hits you but does no damage.
The orc priest casts a cantrip, but nothing happens.
The orc priest looks encouraged for a moment.
The orc priest mumbles some strange prayers to Beogh against you.
The orc priest invokes the aid of Beogh against you.
Beogh smites you!
* * * LOW HITPOINT WARNING * * *
The orc wizard casts a spell.
The orc wizard blinks!
The orc priest mumbles some strange prayers to Beogh against you.
Beogh smites you!
You die...

#..........#
#....#
#[.........#
####.#
#.#####.#### #.#
#.......# #.#
######### #.#
##.#### ####......
#########
#.........
.......@#
#.##......
.######.#
#.##......
#.#######.########
#.##.......# #..
#o##.......# #..
#.##.......# #..
#o##.......# ###
#...o......#
####o...####


You could see 2 orc priests.

Vanquished Creatures
  Blork the orc (D:4)
  A scorpion (D:5)
  A crimson imp (D:5)
  A centaur skeleton (D:4)
  An orc priest (D:5)
  2 orc wizards (D:3)
  Jessica (D:3)
  An iguana (D:5)
  4 worker ants
  4 gnolls
  8 adders
  An ooze (D:2)
  An adder skeleton (D:5)
  2 worms
  5 leopard geckos
  8 orcs
  5 giant cockroaches
  6 goblins
  A hobgoblin (D:1)
  2 jackals (D:4)
  4 quokkas
  A ball python (D:2)
  2 bats (D:1)
  A frilled lizard (D:2)
  A giant cockroach zombie (D:5)
  9 kobolds
  8 rats
82 creatures vanquished.

Notes
Turn   | Place    | Note
-------+----------+-------------------------------------------
     0 | D:1      | Revguard the Gargoyle Fighter began the quest for the Orb.
     0 | D:1      | Reached XP level 1. HP: 14/14 MP: 1/1
   279 | D:1      | Reached XP level 2. HP: 19/19 MP: 2/2
   542 | D:1      | Reached XP level 3. HP: 24/24 MP: 3/3
   778 | D:2      | Found an iron altar of Okawaru.
   845 | D:2      | Found a faded altar of an unknown god.
   869 | D:2      | Became a worshipper of Lugonu the Unformed
   869 | D:2      | Reached * piety under Lugonu
   869 | D:2      | Reached ** piety under Lugonu
  1043 | D:2      | Reached skill level 4 in Shields
  1043 | D:2      | Reached XP level 4. HP: 26/29 MP: 4/4
  1581 | D:3      | Reached XP level 5. HP: 24/33 MP: 5/5
  1770 | D:3      | Noticed Jessica
  1789 | D:3      | Killed Jessica
  2596 | D:4      | Reached skill level 1 in Axes
  2596 | D:4      | Reached skill level 5 in Shields
  2664 | D:4      | Found a staircase to the Ecumenical Temple.
  2671 | Temple   | Entered the Ecumenical Temple
  2876 | D:4      | Reached XP level 6. HP: 38/38 MP: 6/6
  3047 | D:4      | Noticed Blork the orc
  3060 | D:4      | Killed Blork the orc
  3764 | D:5      | Entered Level 5 of the Dungeon
  3773 | D:5      | Got a warped robe
  4001 | D:5      | Reached *** piety under Lugonu
  4001 | D:5      | Reached XP level 7. HP: 42/43 MP: 5/7
  4492 | D:5      | Killed from afar by an orc priest

Skill      XL: |  1  2  3  4  5  6  7 |
---------------+----------------------+-----
Shields        | 4 5 |  5.6
Armour         | 4 |  4.4
Fighting       | 4 |  4.4
Maces & Flails | 3 |  3.1
Axes           | 1 3 4 |  4.0

Action                   |  1- 3 |  4- 6 |  7- 9 || total
-------------------------+-------+-------+-------++-------
Melee: Flail             |   112 |   105 |       ||   217
       Hand axe          |       |   143 |    96 ||   239
       Club              |       |     3 |       ||     3
Invok: Bend Space        |       |       |     1 ||     1
  Use: Scroll            |       |     6 |     1 ||     7
       Potion            |       |     2 |     2 ||     4
  Eat: Chunk             |       |     8 |     2 ||    10
       Ration            |       |     2 |       ||     2
Armor: Plate armour      |   122 |   166 |    53 ||   341
       Scale mail        |     5 |       |       ||     5
Dodge: Dodged            |    24 |    55 |    13 ||    92
Block: Shield            |    75 |    33 |       ||   108
       Large shield      |       |   181 |    60 ||   241
